cohdb
Replays
Latest Replays
All Replays
Popular Replays
Top Player Replays
Match Explorer
How It Works
Community
CoH3 Stats
Reddit
Sign in to upload your games and track your stats! →
Sign in with Steam
Match 39205887
Unlisted
Match 39205887
Overview
Messages
Build Orders
End
Kradschützen Motorcycle Team
250 Light Carrier
Selects Armored Support Battlegroup
Panzergrenadier Squad
Construct Light Support Kompanie
MG34 Team
Panzergrenadier Squad
Fire Support Elements
Flakvierling Half-track
2.5-tonne Medical Truck
Selects Salvage Kits
Assault Mechanized Group
Construct Mechanized Kompanie
Panzerpioneer Squad
Panzergrenadier Squad
Forward Retreat Point
StuG III D Assault Gun
Selects Panzer Storm
Selects Stuka Dive Bomb
Selects Superior Fire Drills
Assault Mechanized Group
Stuka Dive Bomb
StuG III D Assault Gun
Vehicle Survival Package
Stuka Dive Bomb
Emergency Repair Kits
Construct Panzerarmee Kommand
Kradschützen Motorcycle Team
Armored Reserves
Selects Flammpanzer III Medium Tank
Stuka Dive Bomb
Tiger Heavy Tank
Walking Stuka Rocket Launcher
Rapid Advance
Stuka Dive Bomb
Toasty McToastFace
Thunderhill
MassikTm
SSS
Dadical
NSAsBest
377480068
Tanith's Finest
0
0
Comments
sign in to comment!
No comments posted yet!